 Dungeon Sprint DCSS version 0.31-a0-662-g684573625c (webtiles) character file.

Game seed: 14973743400363541857

504 sircluck the Grappler (level 6, 0/108 HPs)
             Began as a Troll Berserker on Aug 31, 2023.
             Was an Elder of Trog.
             Slain by a fire elemental (9 damage)
             ... summoned by a deep elf pyromancer
             ... in the Dungeon (Sprint III: "The Ten Rune Challenge").
             The game lasted 00:00:50 (217 turns).

sircluck the Grappler (Troll Berserker)              Turns: 217, Time: 00:00:51

Health: 0/108      AC:  4    Str: 28    XL:     6   Next: 96%
Magic:  5/5        EV: 11    Int:  3    God:    Trog [****..]
Gold:   30         SH:  0    Dex:  9    Spells: 5/5 levels left

rFire   . .          .
                       - Unarmed
rCold   . . .        (no shield)
rNeg    . . .        a - +0 animal skin
rPois   .            (helmet restricted)
rElec   +            (no cloak)
rCorr   .            (gloves unavailable)
SInv    .            (boots unavailable)
Will    .....        (no amulet) Stlth
                     (no ring)
HPRegen 1.18/turn    (no ring)
MPRegen 0.09/turn

%: no teleportation
@: berserking, very quick
A: large, unfitting armour, claws 3, regeneration 1, shaggy fur 1, tough skin 1,
antennae 1, hooves 1, electricity resistance
a: Renounce Religion, Berserk, Trog's Hand, Brothers in Arms


You were in the Dungeon.
You worshipped Trog.
Trog was greatly pleased with you.
You visited 1 branch You collected 30 gold pieces.

Inventory:

Armour
 a - a +0 animal skin (worn)
Scrolls
 g - a scroll of blinking
 i - a scroll of enchant weapon {unknown}
 k - a scroll of immolation {unknown}
 l - 4 scrolls of identify
 n - a scroll of torment {unknown}
Potions
 b - a potion of curing
 c - a potion of heal wounds
 d - a potion of haste
 e - 2 potions of magic
 f - a potion of berserk rage
 h - a potion of invisibility {unknown}
 j - 2 potions of mutation
 m - 4 potions of enlightenment


   Skills:
 + Level 7.7 Fighting
 + Level 7.6 Dodging
 + Level 9.1 Unarmed Combat


You had 5 spell levels left.
You didn't know any spells.
Your spell library was empty.

Dungeon Overview and Level Annotations

Branches:
Dungeon (1/1)

Altars:
Dithmenos
Elyvilon
Kikubaaqudgha
Okawaru
Ru
Sif Muna
Trog
Uskayaw
Vehumet
Wu Jian
Yredelemnul
Zin
The Shining One


Innate Abilities, Weirdness & Mutations

You are too large for most types of armour.
You have claws for hands.
Your natural rate of healing is unusually fast.
You are covered in fur. (AC +1)
You have tough skin. (AC +1)
You have a pair of small antennae on your head.
You have large cloven feet.
You are resistant to electric shocks. (rElec)


Message History

No target in view!
A deep elf pyromancer comes into view.
It is wielding a +0 long sword of holy wrath.
Found a potion of heal wounds.
The deep elf pyromancer shouts!
The deep elf pyromancer casts a spell at you.
The bolt of fire misses you.
There is an open door here.
The deep elf pyromancer hits you with a +0 long sword of holy wrath.
You barely miss the deep elf pyromancer.
You kick the deep elf pyromancer.
The deep elf pyromancer is lightly wounded.
The deep elf pyromancer casts a spell.
You barely miss the deep elf pyromancer.
Your kick misses the deep elf pyromancer.
The deep elf pyromancer is lightly wounded.
The fire elemental hits you. The fire elemental burns you!
The fire elemental closely misses you.
The deep elf pyromancer gestures at you while chanting.
The bolt of fire hits you!!!
Ouch! That really hurt!
* * * LOW HITPOINT WARNING * * *
You are too injured to fight recklessly!
You are too injured to fight recklessly!
You are too injured to fight recklessly!
You are too injured to fight recklessly!
You are too injured to fight recklessly!
You are too injured to fight recklessly!
You are too injured to fight recklessly!
You are too injured to fight recklessly!
You are too injured to fight recklessly!
You are too injured to fight recklessly!
You are too injured to fight recklessly!
You are too injured to fight recklessly!
A red film seems to cover your vision as you go berserk!
You feel yourself moving faster!
You feel mighty! The fire elemental hits you.
* * * LOW HITPOINT WARNING * * *
The fire elemental burns you!
* * * LOW HITPOINT WARNING * * *
The fire elemental hits you. The fire elemental burns you!
You die...

▓▓▓▓▓▓▓▓▓ ▓▓▓ ..'...♣.♣♣
♣.############ ..#......♣
♣.#EE_#___#__# ###....♣♣♣
♣♣.#e@.#__.#/_#
..#....~♣♣♣♣..###'#)###)##
..#...~~.♣..♣.#..........#
..#..~~~~.♣...'.⌠........#
#'#..~≈≈~~~.♣.#...######+#
..#.~†≈~~~....#.⌠.# {
..#.~≈~~~.....#...#
..#.~~~.......#)###
###...........#.:.#


You could see a deep elf pyromancer and 2 fire elementals.

Vanquished Creatures
  A necrophage (D)
  A water elemental (D)
  A wizard (D)
  A necromancer (D)
  A kobold demonologist (D)
  3 humans (D)
  A phantom (D)
  2 endoplasms (D)
  2 rats (D)
13 creatures vanquished.

Notes
Turn   | Place    | Note
-------+----------+-------------------------------------------
     0 | D        | sircluck the Troll Berserker began the quest for the Orb.
     0 | D        | Reached XP level 1. HP: 22/22 MP: 0/0
    14 | D        | Reached ** piety under Trog
    39 | D        | Reached XP level 2. HP: 30/31 MP: 1/1
    54 | D        | Reached skill level 4 in Unarmed Combat
    73 | D        | Gained mutation: You are clumsy. (Dex -2) [potion of
                  | mutation]
    73 | D        | Gained mutation: Your system is resistant to poisons.
                  | (rPois) [potion of mutation]
    73 | D        | Gained mutation: You have a pair of small antennae on your
                  | head. [potion of mutation]
    87 | D        | Lost mutation: You are clumsy. (Dex -2) [potion of
                  | mutation]
    87 | D        | Lost mutation: Your system is resistant to poisons. (rPois)
                  | [potion of mutation]
    87 | D        | Gained mutation: You have large cloven feet. [potion of
                  | mutation]
    87 | D        | Gained mutation: You are resistant to electric shocks.
                  | (rElec) [potion of mutation]
    89 | D        | Noticed a water elemental
    92 | D        | Killed a water elemental
    92 | D        | Reached *** piety under Trog
    93 | D        | Reached skill level 5 in Unarmed Combat
    93 | D        | Reached XP level 3. HP: 40/40 MP: 2/2
    93 | D        | Reached XP level 4. HP: 49/49 MP: 3/3
   122 | D        | Found a basalt altar of Yredelemnul.
   122 | D        | Found a shadowy altar of Dithmenos.
   122 | D        | Found a sacrificial altar of Ru.
   122 | D        | Noticed a necrophage
   124 | D        | Reached skill level 5 in Fighting
   124 | D        | Reached skill level 5 in Dodging
   124 | D        | Reached skill level 6 in Unarmed Combat
   130 | D        | Killed a necrophage
   131 | D        | Reached XP level 5. HP: 56/59 MP: 4/4
   143 | D        | Found a radiant altar of Vehumet.
   143 | D        | Found a shimmering blue altar of Sif Muna.
   143 | D        | Found an ancient bone altar of Kikubaaqudgha.
   146 | D        | Reached **** piety under Trog
   147 | D        | Reached skill level 7 in Unarmed Combat
   165 | D        | Found a hide-covered altar of Uskayaw.
   165 | D        | Found an iron altar of Okawaru.
   165 | D        | Found a bloodstained altar of Trog.
   165 | D        | Found an ornate altar of the Wu Jian Council.
   165 | D        | Noticed a human
   166 | D        | Noticed a human
   172 | D        | Killed a human
   173 | D        | Reached skill level 8 in Unarmed Combat
   173 | D        | Reached XP level 6. HP: 71/71 MP: 5/5
   177 | D        | Killed a human
   178 | D        | Reached skill level 9 in Unarmed Combat
   212 | D        | Found a glowing silver altar of Zin.
   212 | D        | Found a glowing golden altar of the Shining One.
   212 | D        | Found a white marble altar of Elyvilon.
   213 | D        | Noticed a deep elf pyromancer
   216 | D        | Noticed a fire elemental
   216 | D        | Noticed a fire elemental
   217 | D        | Slain by a fire elemental

Illustrated notes

Levels and vault maps discovered:
D:        dungeon_sprint_mu [sprint_mu_entry_forest, sprint_mu_temple_rooms,
          sprint_mu_d1_spiders, sprint_mu_d2_genie, sprint_mu_d3_branching,
          sprint_mu_orc_legion, sprint_mu_elf_gauntlet, sprint_mu_hive_nellie,
          sprint_mu_lair_fedhas, sprint_mu_vaults_butterflies,
          sprint_mu_slime_circle, sprint_mu_swamp_cave, sprint_mu_snake_twists,
          sprint_mu_blade_basic, sprint_mu_crypt_lich, sprint_mu_tomb_spiral,
          sprint_mu_vestibule_basic, sprint_mu_gehenna_hellfire,
          sprint_mu_dis_giant, sprint_mu_tartarus_statrot,
          sprint_mu_cocytus_islands, sprint_mu_zot1]

Skill      XL: |  1  2  3  4  5  6 |
---------------+-------------------+-----
Fighting       | 3 4 5 7 |  7.7
Dodging        | 3 4 5 7 |  7.6
Unarmed Combat | 5 6 8 9 |  9.1

Action                     |  1- 3 |  4- 6 || total
---------------------------+-------+-------++-------
  Melee: Unarmed           |    25 |    25 ||    50
         Punch             |     2 |     1 ||     3
         Kick              |     1 |     5 ||     6
 Invoke: Berserk           |     1 |     2 ||     3
    Use: Potion            |     2 |       ||     2
 Armour: Animal skin       |     6 |    17 ||    23
  Dodge: Dodged            |     9 |     5 ||    14

Table legend: (Time is in decaauts)
 A = Elapsed time spent in this place.
 B = Non-inter-level travel time spent in this place.
 C = Inter-level travel time spent in this place.
 D = Time resting spent in this place.
 E = Time spent auto-exploring this place.
 F = Levels seen in this place.
 G = Mean time per level.
                   A        B        C        D        E       F      G
               +--------+--------+--------+--------+--------+-----+--------+
         Total |    223 |    223 |      0 |     52 |     46 |   1 |  223.0 |
       Dungeon |    223 |    223 |      0 |     52 |     46 |   1 |  223.0 |
               +--------+--------+--------+--------+--------+-----+--------+

Top non-repeatable levels by time:
       D: 223 daAuts
